[Event "Czech Open-GM 2022"]
[Site "Pardubice"]
[Date "2022.07.23"]
[Round "2.24"]
[White "Luch, Michal"]
[Black "Paseka, Matyas"]
[Result "0-1"]
[ECO "E62"]
[WhiteElo "2375"]
[BlackElo "2218"]
[Annotator "TA"]
[PlyCount "108"]
[EventDate "2022.07.22"]
[EventType "swiss"]
[EventCountry "CZE"]
[SourceTitle "playchess.com"]
[Source "ChessBase"]
[SourceQuality "1"]
[TimeControl "40/5400+30:1800+30"]

1. d4 Nf6 2. c4 g6 3. g3 Bg7 4. Bg2 O-O 5. Nc3 d6 6. Nf3 Nc6 7. O-O Bf5 8. d5 Na5 9. Nd2 c5 10. e4 Bd7 11. Qc2 a6 12. b3 b5 13. Bb2 Rb8 14. Rab1 {[%emt 0:04:32] E66: King's Indian: Fianchetto: 6...c5 7 0-0 Nc6 8 d5.} bxc4 15. bxc4 Ng4 16. Nd1 {[%emt 0:52:26] Hoping for Bxg7. White is slightly better.} Bd4 17. Bxd4 (17. h3 $5 Nf6 18. Qd3 $14) 17... cxd4 {[%emt 0:00:10] [#]} 18. Rxb8 $146 ({Predecessor:} 18. Nb2 Ne5 19. Nd3 Rxb1 20. Rxb1 Ba4 21. Qxa4 Nxd3 22. Qc2 Nc5 23. Qb2 d3 24. Qc3 e5 25. dxe6 fxe6 26. e5 dxe5 27. Qxe5 Rf5 28. Qc3 Qc7 {½-½ (28) Batsuren,D (2451)-Fernandez,D (2462) Novi Sad 2020}) 18... Qxb8 19. c5 Bb5 20. Re1 $1 Ne5 $1 {[%emt 0:02:25] White must now prevent ...Nd3.} (20... dxc5 21. Qxc5 Rc8 22. Qxd4 $14) 21. Nb2 {[%emt 0:00:17] Inhibits Nd3.} (21. c6 $11 {and White has nothing to worry.}) 21... Rc8 $1 $19 ({Much less strong is} 21... dxc5 22. Qxc5 Rc8 23. Qxd4 $14) 22. c6 (22. Nf3 $142 Nxf3+ 23. Bxf3 Rxc5 24. Qd2) 22... Bxc6 $1 23. dxc6 (23. Rb1 {was necessary.} Bd7 24. Qd1) 23... Rxc6 24. Qa4 Qxb2 25. Qxa5 Rc2 $2 (25... Rc5 $19 26. Qd8+ Kg7) 26. Rd1 Rc1 27. Rxc1 Qxc1+ 28. Nf1 $1 {[%emt 0:00:05] Qd8+ is the strong threat.} d3 $1 29. f4 ({Better is} 29. Qb4 $14) 29... Nc4 $1 $15 30. Qxa6 d2 $1 $36 {[%emt 0:02:26][%mdl 2048] White is under pressure.} 31. Bf3 {[%emt 0:00:12] Strongly threatening Qa8+.} Qc3 (31... Ne3 $1 $15) 32. Be2 (32. Bd1 $11 {keeps the balance.}) 32... Qd4+ $17 33. Kg2 {[%emt 0:00:03] And now Qa8+ would win.} Qxe4+ 34. Kf2 {[%emt 0:00:07] [#]} Qd4+ 35. Kg2 {[%emt 0:00:01] [#]} Nb2 $1 {[%emt 0:03:33][%cal Ob2d3] 0x0.0013b8e1a4ebdp-1022s more active pieces.} 36. Nxd2 Qxd2 {[%emt 0:00:05][%mdl 4096] Endgame KQB-KQN} 37. Qb5 e6 (37... Kg7 $142 38. Kf1 Qd4) 38. h4 (38. Kf3 $17) 38... h5 39. Kh3 (39. Kf3 $17) 39... Qd4 40. Kg2 Kg7 41. Bxh5 $2 (41. Qb3) 41... Nd3 $19 ({Weaker is} 41... gxh5 42. Qg5+ Kh8 43. Qxh5+ Kg8 44. Qg5+ Qg7 45. Qd8+ Kh7 46. Qxd6 $17) 42. Bxg6 Qf2+ 43. Kh3 Qf1+ 44. Kh2 Qe2+ ({And not} 44... Kxg6 45. Qg5+ Kh7 46. Qh5+ Kg7 47. Qg5+ Kf8 48. Qd8+ Kg7 49. Qg5+ Kh7 50. Qh5+ Kg8 51. Qg5+ Kh8 52. Qh5+ Kg8 53. Qg5+ Kh8 54. Qh5+ Kg8 $11) 45. Kg1 Kxg6 46. Qg5+ Kh7 47. Qe7 Qd1+ 48. Kh2 Qc2+ 49. Kg1 Qc5+ 50. Kh2 Kg7 {[%emt 0:00:09] ( -> ...Qc2+)} 51. a4 Ne1 (51... Qf2+ $142 52. Kh3 Qf3 53. Qg5+ Kh7 54. Kh2 Qe2+ 55. Kg1 Ne1 56. Qh5+ Qxh5 57. g4 Qd5 58. Kf1 Qd2 59. g5 Nc2 60. g6+ fxg6 61. Kg1 Ne3 62. Kh1 Qg2#) 52. a5 Kg6 $2 (52... Qc2+ {mates} 53. Kh3 Qg2+ 54. Kg4 Qf3+ 55. Kh3 Qg2+ 56. Kg4 Qe2+ 57. Kh3 Nf3 58. Qg5+ Nxg5+ 59. hxg5 d5 60. g4 d4 61. a6 Qxa6 62. Kh2 d3 63. Kg3 d2 64. f5 Qd3+ 65. Kh4 d1=Q 66. f6+ Kh8 67. g6 Qh1+ 68. Kg5 Qe3#) 53. Kh3 $2 (53. Qg5+ $15 Qxg5 54. fxg5 Nf3+ 55. Kg2) 53... Qf5+ 54. Kh2 Qc2+ {[%emt 0:00:04] Weighted Error Value: White=0.93/Black=0.28 (precise)} 0-1

[Event "Czech Open-GM 2022"]
[Site "Pardubice"]
[Date "2022.07.23"]
[Round "2.25"]
[White "Tichy, Stepan"]
[Black "Svanda, Ondrej"]
[Result "0-1"]
[ECO "A01"]
[WhiteElo "2207"]
[BlackElo "2363"]
[Annotator "TA"]
[PlyCount "116"]
[EventDate "2022.07.22"]
[EventType "swiss"]
[EventCountry "CZE"]
[SourceTitle "playchess.com"]
[Source "ChessBase"]
[SourceQuality "1"]
[TimeControl "40/5400+30:1800+30"]

1. b3 e5 2. Bb2 d6 3. e3 g6 4. d4 Nd7 5. dxe5 Bg7 6. Nd2 {[%emt 0:00:40] A01: Nimzowitsch-Larsen Opening.} (6. Nf3 $14) 6... dxe5 7. Ngf3 Ne7 8. Nc4 {[%emt 0:01:24] White is slightly better.} f6 {[%emt 0:06:08] [#]} 9. e4 $146 ({Predecessor:} 9. h4 h5 10. a4 b6 11. Ba3 Bb7 12. Be2 Nf8 13. Nfd2 Bxg2 14. Rg1 Bd5 15. Bf3 {1-0 (25) Maksimovic,B (2402)-Vratonjic,S (2431) Vrsac 2000}) 9... b6 10. Bd3 Bb7 11. Qe2 Nc5 12. O-O-O Qc8 13. Ba3 Ne6 14. g3 Kf7 15. Bxe7 (15. Kb1 $16) 15... Kxe7 $11 16. Ne3 Rd8 17. Nd5+ {[%emt 0:15:20] Pair of Knights!} (17. h4 $5 ) 17... Kf8 18. Nc3 c6 19. Bc4 b5 {[%emt 0:01:10] White must now prevent ...Rxd1+.} (19... Nd4 {is interesting.} 20. Nxd4 exd4 21. Na4 c5) 20. Rxd8+ (20. Bxe6 $11 {remains equal.} Qxe6 21. h4) 20... Nxd8 $17 21. Bd3 Ne6 22. Qe3 Qc7 23. Rd1 Qb6 24. Bf1 Qxe3+ 25. fxe3 Ke7 26. Bh3 Bh6 27. Re1 a5 28. Bxe6 Kxe6 29. g4 Rd8 (29... a4 $142 30. Kb2 Bf8) 30. h4 Bf8 31. Kb2 {[%emt 0:02:20] Against Ba3+} Bc5 32. Rd1 Rxd1 33. Nxd1 {[%emt 0:00:02][%mdl 4096] Endgame KBB-KNN} Be7 34. Nf2 c5 35. c4 b4 {[%emt 0:02:05] aiming for ...h6.} 36. Kc2 f5 (36... h5 $17 {And now ...hxg4 would win.} 37. gxh5 gxh5) 37. Kd3 $2 {[%emt 0:00:50][%mdl 8192] White does not recover from this.} (37. g5 $1 $15) 37... h5 $1 $19 38. exf5+ gxf5 39. gxf5+ Kxf5 40. Ke2 (40. e4+ $142 Kf4 41. Ng5) 40... e4 41. Ng5 (41. Nd2 $142 Bxh4 42. Nf1) 41... Bxg5 42. hxg5 Kxg5 {[%emt 0:00:01] KB-KN} 43. Kf1 Kf5 44. Kg2 (44. Nh3 $142 a4 45. Nf4) 44... a4 {[%emt 0:02:00][%cal Ba5a4,Ba4a3][%mdl 32] ( -> ...a3)} 45. Kg3 Ba6 (45... a3 $142 46. Nd1 Bc8 47. Kh4 Bd7 48. Kxh5 Be6 49. Kh4 Bf7 50. Kg3 Bh5 51. Nf2 Be2 52. Nh3 Bd1 53. Nf4 Bxb3 $1 54. axb3 a2 55. Nd5 a1=Q 56. Ne7+ Kg5 57. Kf2 Qf6+ 58. Ke2 Qxe7 59. Kd2 Qa7 60. Ke2 Qa2+ 61. Kd1 Kg4 62. Ke1 Kf3 63. Kd1 Qb2 64. Ke1 Qe2#) 46. Nd1 {[%emt 0:00:46] [#]} a3 $1 {[%emt 0:00:01] Black mates.} 47. Kh4 Kg6 48. Kg3 Kg5 49. Nf2 h4+ 50. Kg2 Kf5 51. Nd1 Bc8 52. Kh3 Kg5+ 53. Kg2 Be6 54. Nf2 Kf5 55. Nd1 Ke5 56. Kf1 Bh3+ 57. Ke1 Bg2 58. Nf2 Kf5 {[%emt 0:00:01] Weighted Error Value: White=0.56/Black=0.26 (precise)} 0-1

[Event "Czech Open-GM 2022"]
[Site "Pardubice"]
[Date "2022.07.23"]
[Round "2.26"]
[White "Nemec, Jachym"]
[Black "Nytra, Ondrej"]
[Result "1-0"]
[ECO "A50"]
[WhiteElo "2357"]
[BlackElo "2214"]
[Annotator "TA"]
[PlyCount "53"]
[EventDate "2022.07.22"]
[EventType "swiss"]
[EventCountry "CZE"]
[SourceTitle "playchess.com"]
[Source "ChessBase"]
[SourceQuality "1"]
[TimeControl "40/5400+30:1800+30"]

1. d4 {[%emt 0:00:03][%cal Bd2d4,Bd4d5][%mdl 32] Let's Check} Nf6 2. c4 Nc6 3. Nf3 e6 4. a3 d6 5. Nc3 g6 6. d5 {[%emt 0:07:33] E10: Blumenfeld Gambit.} Ne7 7. e4 Bg7 8. Bd3 {[%emt 0:08:18] White has an edge.} O-O 9. h3 {[%emt 0:05:53] [#]} c6 $146 ({Predecessor:} 9... Nd7 10. Bg5 Nc5 11. Bc2 a5 12. O-O Bd7 13. Re1 a4 14. e5 Ra6 15. exd6 cxd6 16. dxe6 fxe6 {0-1 (35) Alvarez Marquez,J (2398)-Bologan,V (2680) Caleta 2012 CBM 147 [Let's Check]}) 10. dxe6 fxe6 11. O-O Nh5 (11... c5 $11 {remains equal.}) 12. Re1 $16 {[%emt 0:03:09] White now steadily converts the win.} e5 13. c5 d5 {[%emt 0:13:42] [#]} (13... dxc5 $16 {was called for.} 14. Bc4+ Kh8) 14. exd5 $1 $18 Rxf3 15. Qxf3 cxd5 (15... Nxd5 {was necessary.} 16. Bc4 Be6) 16. Bg5 Be6 17. Bxe7 Qxe7 18. Nxd5 Qxc5 19. Be4 Bxd5 (19... Rf8 {keeps fighting.} 20. Rac1 Qd4) 20. Bxd5+ {[%emt 0:00:06] White is clearly winning.} Kh8 21. Rac1 Qb6 22. Bxb7 Rb8 23. Rc8+ Rxc8 24. Bxc8 Qxb2 25. Bg4 {[%emt 0:00:15] [#] Qa8+ would kill now.} h6 26. Bxh5 gxh5 27. Rd1 {[%emt 0:00:34] Weighted Error Value: White=0.12 (very precise) /Black=0.52} 1-0

[Event "Czech Open-GM 2022"]
[Site "Pardubice"]
[Date "2022.07.23"]
[Round "2.27"]
[White "Kusa, Jakub"]
[Black "Jares, Michal"]
[Result "1-0"]
[ECO "E06"]
[WhiteElo "2353"]
[BlackElo "2208"]
[Annotator "TA"]
[PlyCount "101"]
[EventDate "2022.07.22"]
[EventType "swiss"]
[EventCountry "CZE"]
[SourceTitle "playchess.com"]
[Source "ChessBase"]
[SourceQuality "1"]
[TimeControl "40/5400+30:1800+30"]

1. d4 Nf6 2. c4 e6 3. g3 d5 4. Nf3 Be7 5. Bg2 O-O 6. O-O dxc4 7. Qc2 a6 8. a4 Bd7 9. Qxc4 Bc6 10. Bf4 a5 {[%emt 0:14:05] E05: Open Catalan: 5 Nf3 Be7.} 11. Nc3 Nbd7 12. Rfd1 Nb6 {[%emt 0:05:28] The position is equal.} 13. Qb3 Bb4 14. Ne5 Bxg2 15. Kxg2 Bxc3 {[%emt 0:07:44] [#]} 16. bxc3 $146 ({Predecessor:} 16. Qxc3 Nbd5 17. Qf3 Nxf4+ 18. Qxf4 Ra6 19. Rac1 Rb6 20. Nd3 Rd6 21. Ne5 Rb6 22. Nd3 Rd6 23. Ne5 {½-½ (23) Mikhalchishin,A (2530)-Ivanovic,B (2535) Skopje 1991}) 16... Qd5+ 17. Qxd5 Nbxd5 {[%emt 0:04:32] Pair of Knights!} 18. Bd2 Ne4 19. c4 Nb6 20. c5 Nd5 21. Be1 b6 22. Ra3 Rfd8 23. f3 $36 {[%emt 0:04:52][%mdl 2048] White fights for an advantage.} Nef6 (23... Nxc5 $1 $14 24. dxc5 Nf4+ 25. gxf4 Rxd1) 24. Nc6 Re8 25. e4 Ne7 26. Ne5 Red8 (26... bxc5 $16 27. dxc5 Reb8) 27. cxb6 $18 cxb6 28. Rb3 Rab8 29. Bf2 (29. Rdb1 $18) 29... Nd7 $16 30. Rdb1 {[%emt 0:02:45] 0x0.0013b842f338dp-1022s more active pieces.} Nxe5 31. dxe5 Nc6 ({Less strong is} 31... Rd2 32. R1b2 Rbd8 33. Kh3 $16 (33. Rxb6 g5 $16)) 32. Bxb6 Rd2+ 33. Kh3 {[%emt 0:02:12] Hoping for Rc1.} h5 34. Rb5 {[%emt 0:03:06] And now Be3 would win.} Ra2 35. Rc1 $1 ({Reject} 35. Bxa5 $6 Rxb5 36. Rxb5 Nd4 37. Rb8+ Kh7 $11) 35... Nb4 36. Rc3 Rxa4 37. Rxa5 Ra2 38. Rxa2 (38. Rb3 {looks sharper.} Kh7 39. f4 Kh6 40. Bc7) 38... Nxa2 {[%emt 0:00:11][%mdl 4096] Endgame KRB-KRN} 39. Rc6 Nb4 40. Rd6 Kh7 {[%emt 0:00:40] [#]} (40... Nc2 $16 41. g4 Ne1) 41. Kh4 $1 $18 g6 42. Kg5 Kg7 {[%emt 0:03:07] [#]} 43. Bd8 $1 Nc2 44. Bf6+ Kh7 45. Rd7 Kg8 46. f4 Ne1 $2 (46... Ne3 47. h3 Kf8) 47. f5 {[%emt 0:00:00] Threatens to win with fxe6.} exf5 48. e6 fxe6 49. Kxg6 {[%emt 0:00:00] Threatening mate with Rh7.} Rf8 50. Rg7+ Kh8 51. Rh7+ {[%emt 0:00:00] Weighted Error Value: White=0.06 (flawless) /Black=0.37} 1-0

[Event "Czech Open-GM 2022"]
[Site "Pardubice"]
[Date "2022.07.23"]
[Round "2.28"]
[White "Bujnoch, Radek"]
[Black "Skytte, Rasmus"]
[Result "1/2-1/2"]
[ECO "A61"]
[WhiteElo "2191"]
[BlackElo "2349"]
[Annotator "TA"]
[PlyCount "93"]
[EventDate "2022.07.22"]
[EventType "swiss"]
[EventCountry "CZE"]
[SourceTitle "playchess.com"]
[Source "ChessBase"]
[SourceQuality "1"]
[TimeControl "40/5400+30:1800+30"]

1. d4 Nf6 2. c4 e6 3. Nf3 c5 4. d5 exd5 5. cxd5 d6 6. Nc3 g6 7. Nd2 Bg7 8. e4 O-O 9. Be2 Na6 10. O-O Nc7 11. a4 Re8 12. f3 b6 13. Nc4 Ba6 14. Rb1 Bxc4 {[%emt 0:02:50] A79: Modern Benoni: Classical: 9...Re8 10 Nd2 Na6 11 f3.} 15. Bxc4 a6 16. b4 Nd7 {[%emt 0:00:21] White is slightly better.} 17. Bd2 Qf6 {[%emt 0:03:43] Strongly threatening ...Qd4+.} 18. Kh1 b5 19. axb5 Qd4 20. Be2 {[%emt 0:01:43] And now bxc5 would win. This bishop pair is nice.} ({Much worse is} 20. Qe2 $6 Nb6 21. Ba2 cxb4 $11) 20... cxb4 21. Na4 Nxb5 {[%emt 0:06:54][%cal Ob4b3] ...b3! is the strong threat.} 22. Rxb4 Qa7 23. Bxb5 axb5 24. Nc3 {[%emt 0:00:05] [#]} Qc5 $146 ({Predecessor:} 24... Qb6 25. Rxb5 Qa6 26. Rb1 Rec8 27. Ne2 Qa2 28. Rc1 Rxc1 29. Nxc1 Qb2 30. Nd3 Qb5 {1-0 (42) Guichard,P (2394)-Nikolic,V (2221) Sitges 2021}) 25. Qb3 ({Reject} 25. Nxb5 Ra1 26. Qe2 Ra2 $11) 25... Rec8 26. Rxb5 $2 (26. Nxb5 $16 {is forced if you want to stay better. Hoping for Be3.} Qc2 27. Qxc2 (27. Nxd6 Qxd2 28. Nxc8 Rxc8 $14) 27... Rxc2 28. Be3) 26... Qd4 $17 {[%emt 0:12:55] Against Be3} 27. Nb1 Ra1 $2 (27... Nc5 $1 $17 28. Qc3 Qa4) 28. Be3 $1 $14 Qe5 29. Rb7 $1 $36 {[%emt 0:05:54][%mdl 2048] White has the initiative.} Nf8 30. Rd1 Qe8 31. Bf4 {[%emt 0:13:31] White is more active.} Be5 ({Black should try} 31... Ra6 32. Nd2 Nd7) 32. Bxe5 $16 Qxe5 {[%emt 0:00:05] [#]} (32... dxe5 $16 33. h3 Qa4 34. Qxa4 Rxa4) 33. Rb8 $2 ({White must play} 33. Rxf7 $1 $18 {[%mdl 512] aiming for Rb7.} Kxf7 34. Qb7+ Kg8 35. Qxc8) 33... Rxb8 $14 34. Qxb8 Kg7 35. Qc8 f5 36. Qb7+ Kg8 37. exf5 gxf5 38. Qb5 Ra2 39. Qd3 (39. Qc4 $5 Ra5 40. h3 $14) 39... Re2 40. Nd2 Re1+ {[%emt 0:00:44] The position is equal.} 41. Rxe1 Qxe1+ $11 {[%emt 0:30:01][%mdl 4096] Endgame KQN-KQN} 42. Nf1 Ng6 43. h3 Nf4 44. Qc4 Ne2 45. Qc8+ Kg7 46. Qd7+ Kg8 47. Qe8+ {[%emt 0:00:00] Weighted Error Value: White=0.25 (precise) /Black=0.22 (precise)} 1/2-1/2

[Event "Czech Open-GM 2022"]
[Site "Pardubice"]
[Date "2022.07.23"]
[Round "2.29"]
[White "Rabatin, Jakub"]
[Black "Dubinski, Mateusz"]
[Result "0-1"]
[ECO "B92"]
[WhiteElo "2349"]
[BlackElo "2206"]
[Annotator "TA"]
[PlyCount "88"]
[EventDate "2022.07.22"]
[EventType "swiss"]
[EventCountry "CZE"]
[SourceTitle "playchess.com"]
[Source "ChessBase"]
[SourceQuality "1"]
[TimeControl "40/5400+30:1800+30"]

1. e4 c5 2. Nf3 d6 3. d4 cxd4 4. Nxd4 Nf6 5. Nc3 a6 6. Be2 e5 7. Nb3 Be7 8. O-O O-O 9. Qd3 Be6 10. Nd5 {[%emt 0:02:07] B92: Sicilian Najdorf: 6 Be2.} Nxd5 $1 {[%emt 0:00:43] 10...Nxd5 scores better than 10...Bxd5.} 11. exd5 Bc8 12. c4 {[%emt 0:20:59] The position is equal.} Nd7 13. Be3 a5 {[%emt 0:27:13] [#]} 14. Rac1 $146 ({Predecessor:} 14. Kh1 Bg5 15. Rac1 b6 16. Bg4 Bxe3 17. fxe3 Nc5 18. Nxc5 bxc5 19. Bxc8 Rxc8 20. e4 {½-½ (49) Dastan,B (2565)-Mchedlishvili,M (2571) Konya 2019}) 14... a4 15. Na1 Bg5 16. b4 axb3 $1 17. axb3 f5 {[%emt 0:06:44] [#] Hoping for ...e4.} (17... Nc5 $5 18. Qd2 Bxe3 19. Qxe3 Qb6 $17) 18. Bxg5 Qxg5 19. b4 (19. Qg3 $15 Qd2 20. Rfe1) 19... e4 $17 20. Qg3 Qd2 {[%emt 0:02:34][%csl LRb4,LRe2] Threatens to win with ...f4.} 21. Qe3 Qxb4 22. Nc2 Qc5 23. Ra1 Rxa1 24. Rxa1 Qxe3 25. fxe3 Nc5 26. Nd4 Kf7 27. Nb5 Ke7 28. Ra8 (28. h4 $17 {was necessary.}) 28... Bd7 $19 29. Rxf8 Kxf8 30. Nxd6 $2 {[%emt 0:00:33][%mdl 4096] [#] Endgame KBN-KBN} (30. Na3) 30... Ke7 31. Nb5 Bxb5 32. cxb5 {[%emt 0:00:03] KB-KN} Kd6 33. Bc4 (33. g4 {is a better defense.} fxg4 34. Bxg4) 33... Nd7 34. Kf2 Nb6 35. Bb3 Nxd5 36. g3 h6 37. h3 g5 38. h4 Kc5 39. hxg5 hxg5 40. b6 Kd6 41. g4 fxg4 42. Kg3 Nxe3 43. Ba4 Kc5 44. Be8 Nd5 {[%emt 0:00:34] Weighted Error Value: White=0.57/Black=0.05 (flawless)} 0-1

[Event "Czech Open-GM 2022"]
[Site "Pardubice"]
[Date "2022.07.23"]
[Round "2.30"]
[White "Soham Datar"]
[Black "Simek, Petr"]
[Result "1-0"]
[ECO "C78"]
[WhiteElo "2111"]
[BlackElo "2348"]
[Annotator "TA"]
[PlyCount "107"]
[EventDate "2022.07.22"]
[EventType "swiss"]
[EventCountry "CZE"]
[SourceTitle "playchess.com"]
[Source "ChessBase"]
[SourceQuality "1"]
[TimeControl "40/5400+30:1800+30"]

1. e4 e5 2. Nf3 Nc6 3. Bb5 a6 4. Ba4 Nf6 5. O-O b5 6. Bb3 Bc5 7. c3 d6 8. d4 Bb6 9. Be3 O-O 10. Nbd2 h6 11. h3 Re8 12. Bc2 {[%emt 0:00:58] C78: Ruy Lopez: Archangelsk and Möller Defences.} exd4 13. cxd4 Nb4 14. Bb1 $1 {[%emt 0:00:05] White is slightly better.} c5 15. d5 a5 $1 16. a3 Na6 {[%emt 0:00:11] [#]} 17. b3 $146 {[%emt 0:00:07] Inhibits a4.} ({Predecessor:} 17. a4 Bd7 18. axb5 Bxb5 19. Re1 Nb4 20. Ra3 Ra7 21. Nh2 c4 22. Nhf1 Bxe3 23. Raxe3 {1-0 (51) Milliet,S (2390)-Maurizzi,M (2489) Chartres 2021}) 17... Bd7 18. Re1 Rc8 19. Bd3 {[%emt 0:21:06] Inhibits c4.} a4 (19... Ba7 $142) 20. bxa4 $16 c4 21. Bc2 (21. axb5 $16 {aiming for Bxb6.} Bxb5 22. Bf1) 21... bxa4 22. Rb1 (22. Bxb6 $14 Qxb6 23. e5 dxe5 24. Nxe5) 22... Bxe3 (22... Ba5 $1 $11 {remains equal.}) 23. Rxe3 Qa5 {[%emt 0:00:23] Against Rc3} 24. Nd4 c3 25. Nf1 Rc7 (25... Rc4 $142) 26. Ng3 $1 {[%emt 0:00:34] Rf3 is the strong threat.} Qc5 $2 (26... Nc5 $16) 27. Qd3 (27. Bxa4 Bxa4 28. Qxa4 c2 $16) 27... Qc4 28. Qd1 ({White should try} 28. Qxc4 $18 Rxc4 29. Ndf5 Bxf5 30. Nxf5) 28... Nc5 (28... Qc5 $1 $11) 29. Rb4 $18 Qa2 30. Rxc3 Rec8 31. Ndf5 Na6 32. Bb1 Qa1 (32... Rxc3 {keeps fighting.} 33. Bxa2 Rc1) 33. Rxc7 (33. Ne7+ Kf8 34. Rxc7 (34. Nxc8 $2 Qxc3 35. Rb6 Qxa3 $19) 34... Rxc7 $17) 33... Rxc7 34. Rb6 (34. Nxd6 $2 Nxb4 35. axb4 a3 $19) 34... Qxa3 {[%emt 0:00:08] Threatens to win with ...Rc1.} 35. Ne7+ $2 (35. Rxa6 $2 Rc1 36. Bc2 (36. Ra8+ $2 Kh7 $19) 36... Rxd1+ 37. Bxd1 Bxf5 38. Ra8+ Kh7 39. Nxf5 Qa1 $19) ({White should play} 35. Kh2 $1 $18 Rc1 36. Qd4) 35... Kf8 $11 36. Nc6 $36 {[%emt 0:00:05][%mdl 2048] White has good play.} ({Wrong is} 36. Rxa6 $2 Rc1 37. Bc2 Kxe7 $19) 36... Nc5 37. Kh2 Rb7 38. Rxb7 Nxb7 39. Bc2 Nc5 40. Qd4 Qa2 $2 (40... Ne8 $11 {and Black has nothing to worry.}) 41. Nb4 $18 Qa3 42. e5 Nb3 43. Qb6 (43. Bxb3 dxe5 44. Qc5+ Kg8 45. Bc2) 43... dxe5 (43... Ne8 44. e6 (44. exd6 Qc1 $18) 44... fxe6) 44. Qd6+ Kg8 45. Qb8+ $1 Be8 46. Ne4 Kf8 47. Nxf6 $2 (47. d6 {White threatens Nxf6 and mate.} Qc1 48. Nd5 $1 ) 47... gxf6 {[%emt 0:00:04] [#]} 48. Bf5 $2 ({White must play} 48. d6 $1 $18 {[%cal Rd6d7] Intending d7 and mate.} Nc5 49. Bf5) 48... Kg7 $11 49. Nc2 Qc1 {[%emt 0:00:32] And now ...Qf4+ would win.} 50. Ne3 {[%emt 0:00:00] [#]} Nd4 $1 {[%emt 0:00:51][%cal Oa4a3] White must now prevent ...a3!} 51. Bg4 {[%emt 0:00:00] [#]} (51. Qxe8 Ne2) 51... a3 $2 52. Qxe8 $18 Qc7 53. Bh5 e4+ 54. g3 {[%emt 0:00:00] Weighted Error Value: White=0.50/Black=0.73} 1-0

[Event "Czech Open-GM 2022"]
[Site "Pardubice"]
[Date "2022.07.23"]
[Round "2.31"]
[White "Stauskas, Lukas"]
[Black "Mondrzycki, Bartlomiej"]
[Result "1/2-1/2"]
[ECO "E11"]
[WhiteElo "2348"]
[BlackElo "2180"]
[Annotator "TA"]
[PlyCount "116"]
[EventDate "2022.07.22"]
[EventType "swiss"]
[EventCountry "CZE"]
[SourceTitle "playchess.com"]
[Source "ChessBase"]
[SourceQuality "1"]
[TimeControl "40/5400+30:1800+30"]

1. d4 Nf6 2. c4 e6 3. Nf3 Bb4+ 4. Nbd2 O-O 5. a3 Be7 6. e4 d6 {[%emt 0:00:02][%cal Oe6e5] E11: Bogo-Indian.} 7. Be2 $1 {[%emt 0:00:11] The main line 7.Be2 scores better than 7.Bd3.} Nfd7 8. b4 e5 {[%emt 0:00:08] The position is equal.} 9. d5 a5 10. Bb2 axb4 11. axb4 Rxa1 12. Qxa1 c6 13. dxc6 {[%emt 0:06:50] [#]} bxc6 $146 ({Predecessor:} 13... Nxc6 14. Bc3 Nb6 15. O-O Be6 16. b5 Nb8 17. c5 dxc5 18. Nxe5 Bf6 19. Rd1 N8d7 20. Nxd7 Bxc3 21. Qxc3 Nxd7 {½-½ (29) Gelfand,B (2686)-Grischuk,A (2759) Amsterdam 2019}) 14. O-O c5 15. b5 Nb6 16. Rd1 Be6 17. Bc3 N8d7 18. Qa7 Qe8 19. Qa2 g6 20. Nf1 (20. Qc2 $142) 20... f5 21. Ne3 Qf7 (21... Qa8 $5 22. Qc2 (22. Qxa8 Rxa8 23. Ra1 Rxa1+ 24. Bxa1 fxe4 $15) 22... Qxe4 23. Qxe4 fxe4 $11) 22. Nd2 (22. exf5 gxf5 23. h3 f4 $17) 22... Bg5 23. Ndf1 fxe4 24. Be1 Qe7 25. Qc2 {[%emt 0:02:33][%mdl 1024] White has compensation.} Nf6 26. Ra1 (26. Ba5 $5 Nc8 27. Ng3 $11) 26... Bc8 27. Ba5 Nbd7 28. Bc7 {[%emt 0:02:33] White is more active.} (28. Qd2 $14) 28... Ne8 $1 $11 29. Ra7 {[%emt 0:00:38] aiming for Nd5.} Nxc7 30. Rxc7 {[%emt 0:00:05] Black must now prevent Bg4.} Qd8 $1 31. Rc6 (31. Nd5 Nb6 $1 32. Rxc8 (32. Qxe4 $2 Bf5 $19) 32... Nxc8 $17) (31. Ra7 $11) 31... Nb8 (31... Qf6 $2 32. Bg4 $18) 32. Rxc8 Qxc8 33. Qxe4 Bxe3 34. Nxe3 Kh8 35. Bg4 Qc7 36. h4 Qa5 {...Qe1+ is the strong threat.} 37. Qc2 (37. Nf1 $11 {remains equal.}) 37... Qe1+ $17 38. Nf1 Rf4 39. Be6 Re4 (39... Rxh4 $17 {Hoping for ...Rd4.} 40. Qa2 Rf4) 40. Qd3 ({White should play} 40. Qb3 $1 $11 Rxh4 41. g3 Rh1+ 42. Kxh1 Qxf1+ 43. Kh2 Qxf2+ 44. Kh3) 40... Rd4 $1 $15 (40... Rxh4 41. Qxd6 Rf4 42. Qxb8+ Kg7 43. Qc7+ Kf6 44. Qf7+ Kg5 45. Qe7+ Kh5 46. Qxh7+ Kg5 47. f3 $18) 41. Qf3 (41. Qa3 $1 $11 {keeps the balance.} Rf4 42. f3 Qxh4 43. Qa7) 41... Rf4 $17 42. Qg3 Kg7 43. h5 Kf6 (43... Rf6 $17 44. Bg4 e4) 44. hxg6 $2 hxg6 $19 (44... Kxe6 $2 45. gxh7 Rf8 46. Qg6+ Ke7 47. Qg7+ Rf7 48. Qg5+ Kd7 49. h8=Q $18) 45. Bg4 g5 ({But not} 45... Rxc4 46. Qh4+ Kg7 47. g3 (47. Qe7+ Kh6 $14) 47... Rxg4 48. Qxg4 $14) ({Better is} 45... Kg7 $1 $17 46. Be6 Qa1) 46. Bf3 {[%emt 0:01:42] [#]} (46. b6 $15) 46... e4 ({And not} 46... Rxc4 47. Qh3 Rc1 48. Qh6+ Ke7 49. Qxg5+ Kd7 50. Qg7+ Ke8 51. Qg8+ Ke7 52. Qh7+ Kf8 53. Qh8+ Ke7 54. Qh7+ Kf8 55. Qh8+ Ke7 56. Qh7+ $11) (46... Nd7 $1 $19 {[%cal Rd7b6] Threatens to win with ...Nb6.} 47. Qh3 Ke7 48. Qh7+ Rf7) 47. Bg4 $17 Ke7 48. Bh3 {[%emt 0:02:02] [#]} Rf6 $1 49. Qe3 Qxe3 50. Nxe3 {[%emt 0:00:05][%mdl 4096] Endgame KRN-KBN} Kd8 51. Bf5 Nd7 52. Bxe4 Nb6 53. f3 Rf7 54. Kf2 Ra7 55. Ke2 $1 Ra2+ 56. Kd3 Ra3+ 57. Kd2 Ra2+ 58. Kd3 Ra3+ {[%emt 0:00:07] Whites escaped into a draw.  Weighted Error Value: White=0.24 (precise) /Black=0.17 (very precise)} (58... Nd7 $15) 1/2-1/2